 Dungeon Crawl Stone Soup version 0.29-a0-838-g385bb11a5b (webtiles) character file.

Game seed: 11162277883561426770

907 ytrimaz the Caller (level 8, -9/46 HPs)
             Began as an Octopode Summoner on July 14, 2022.
             Was an Initiate of Gozag.
             Mangled by a wyvern (19 damage)
             ... on level 6 of the Dungeon.
             The game lasted 00:11:39 (7105 turns).

ytrimaz the Caller (Octopode Summoner)              Turns: 7105, Time: 00:11:40

Health: -9/46      AC:  1    Str:  7    XL:     8   Next: 8%
Magic:  15/16      EV: 13    Int: 25    God:    Gozag
Gold:   1003       SH:  0    Dex: 19    Spells: 5/18 levels left

rFire   . . .      SeeInvis .   (no weapon)
rCold   . . .      Faith    .   (no shield)
rNeg    . . .      Spirit   .   (helmet restricted)
rPois   .          Reflect  .   e - amulet of the acrobat
rElec   .          Harm     .   d - +6 ring of intelligence
rCorr   .          Rampage  .   a - +6 ring of dexterity
Will    .....                   (no ring)
Stlth   ++++......              (no ring)
HPRegen 0.15/turn               (no ring)
MPRegen 0.15/turn               (no ring)
                                (no ring)
                                (no ring)

@: about to teleport, gold aura, hasted, very quick
A: almost no armour, amphibious, 8 rings, camouflage 1, gelatinous body 1,
(nimble swimmer 1), tentacles
a: Renounce Religion, Potion Petition, Call Merchant, Bribe Branch


You were on level 6 of the Dungeon.
You worshipped Gozag.
Gozag was most pleased with you.
You visited 2 branches of the dungeon, and saw 7 of its levels.

You collected 1093 gold pieces.
You paid 90 gold pieces to Gozag.

Inventory:

Jewellery
 a - a +6 ring of dexterity (right tentacle)
 d - a +6 ring of intelligence (left tentacle)
 e - an amulet of the acrobat (around mantle)
Wands
 l - a wand of polymorph (10)
Scrolls
 c - 3 scrolls of magic mapping
 g - 2 scrolls of teleportation
 k - a scroll of fog
Potions
 b - a potion of lignification
 f - a potion of degeneration {unknown}
 h - a potion of haste
 i - 3 potions of ambrosia
 j - 2 potions of cancellation {unknown}
 n - a potion of brilliance {unknown}


   Skills:
 - Level 2.1 Dodging
 - Level 3.0 Stealth
 + Level 5.9 Spellcasting
 + Level 1.5 Hexes
 + Level 7.2 Summonings


You had 5 spell levels left.
You knew the following spells:

 Your Spells              Type           Power      Damage    Failure   Level
a - Summon Guardian Gole  Hex/Summ       29%        N/A       3%          3
b - Call Canine Familiar  Summ           43%        N/A       1%          3
c - Summon Lightning Spi  Summ/Air       25%        N/A       17%         4
d - Summon Small Mammal   Summ           100%       N/A       1%          1
e - Call Imp              Summ           43%        N/A       1%          2

Your spell library contained the following spells:

 Spells                   Type           Power      Damage    Failure   Level
 Confusing Touch          Hex            15%        N/A       12%         3
 Yara's Violent Unravell  Hex/Tmut       5%         3d4       83%         5
 Enfeeble                 Hex            7%         N/A       100%        7


Dungeon Overview and Level Annotations

Branches:
Dungeon (6/15)             Temple (1/1) D:5

Altars:
Ashenzari
Cheibriados
Fedhas
Gozag
Hepliaklqana
Kikubaaqudgha
Makhleb
Nemelex Xobeh
Okawaru
Qazlal
Ru
Sif Muna
Trog
Vehumet
Wu Jian
Xom
Yredelemnul
The Shining One


Innate Abilities, Weirdness & Mutations

You cannot wear most types of armour.
You are amphibious.
You can wear up to eight rings at the same time.
Your skin changes colour to match your surroundings (Stealth+).
Your rubbery body absorbs attacks. (AC +1, EV +1)
((You are camouflaged when in or above water. (Stealth+)))
You have tentacles for arms and can constrict up to eight enemies at once.


Message History

The orc wizard gestures wildly while chanting.
The orc wizard flickers and vanishes!
Deactivating autopickup; reactivate with Ctrl-A.
The orc misses your wolf.
An orc priest comes into view.
It is wielding a +0 short sword and wearing a +2 leather armour of positive energy.
Your wolf closely misses the orc.
Something misses your wolf.
The orc hits your wolf but does no damage.
Your wolf bites the orc.
The orc dies!
The wyvern attacks as you move away! The wyvern closely misses you.
An orc comes into view. It is wielding a +0 short sword.
Your wolf closely misses something.
Something hits your wolf.
The orc is distracted by your dazzling golden aura.
Your wolf closely misses something.
The wyvern attacks as you move away! The wyvern closely misses you.
Your wolf closely misses something.
Something hits your wolf but does no damage.
The orc priest invokes the aid of Beogh against you.
Beogh smites you! The wyvern closely misses you.
Your wolf closely misses something.
The orc shouts!
As you read the scroll of teleportation, it crumbles to dust.
You feel strangely unstable.
The orc is no longer distracted by gold.
Something hits your wolf.
Your wolf is poisoned.
The orc throws a boomerang.
The boomerang hits you. The wyvern bites you!
* * * LOW HITPOINT WARNING * * *
Your wolf bites something.
Unknown command.
Your wolf bites something!
The orc is distracted by your dazzling golden aura.
The orc priest completely misses your wolf.
Your wolf bites something.
The wyvern completely misses you.
You feel yourself speed up.
Your wolf bites something.
Reactivating autopickup.
You feel a bit more experienced. The orc priest barely misses your wolf.
The wyvern bites you!!
You die...
Your body crumbles into a pile of gold.

.. ..>.
.....#
######.##.. .
#........# ..
#........##.#
#.........o.
#.<......#
#..@..$..#
#...l.ho.#
#####.$###
#..## ##..##
#.^.# #.#.#
#.#...
#.###...


You could see a wyvern, an orc priest, an orc (unaware) and a friendly wolf
(summoned, poisoned).

Vanquished Creatures
  An adder (D:2)
  A dart slug (D:2)
  An orc (D:3)
  2 kobolds
  A quokka (D:2)
  A ball python (D:2)
  A bat (D:1)
  A frilled lizard (D:3)
9 creatures vanquished.

Vanquished Creatures (collateral kills)
  3 phantoms
  A scorpion (D:5)
  2 jellies
  An orc priest (D:4)
  An iguana (D:5)
  An orc wizard (D:6)
  4 gnolls (D:2)
  9 adders
  2 white imps (D:5)
  2 dart slugs
  8 orcs
  3 bats
  8 endoplasms
  2 giant cockroaches (D:2)
  7 goblins
  5 hobgoblins
  4 jackals (D:4)
  A kobold (D:1)
  4 quokkas
  10 ball pythons
  5 frilled lizards
  8 rats
91 creatures vanquished.

Vanquished Creatures (others)
  An orc warrior (D:4)
  An ogre (D:4)
  A scorpion (D:4)
  An iguana (D:4)
  An orc (D:4)
  An endoplasm (D:4)
  A plant (D:1)
  5 withered plants (D:1)
12 creatures vanquished.

Grand Total: 112 creatures vanquished

Notes
Turn   | Place    | Note
-------+----------+-------------------------------------------
     0 | D:1      | ytrimaz the Octopode Summoner began the quest for the Orb.
     0 | D:1      | Reached XP level 1. HP: 11/11 MP: 3/3
   502 | D:1      | Found a faded altar of an unknown god.
   653 | D:1      | Reached XP level 2. HP: 11/17 MP: 1/5
   656 | D:1      | Learned a level 2 spell: Call Imp
  1777 | D:2      | Reached XP level 3. HP: 19/21 MP: 3/6
  1781 | D:2      | Learned a level 3 spell: Call Canine Familiar
  2366 | D:2      | Reached skill level 5 in Summonings
  2366 | D:2      | Reached XP level 4. HP: 27/27 MP: 7/7
  2509 | D:2      | Found an iron altar of Okawaru.
  2596 | D:2      | Identified a scroll of acquirement
  3170 | D:2      | Reached XP level 5. HP: 31/31 MP: 0/9
  4142 | D:3      | Learned a level 3 spell: Summon Guardian Golem
  4347 | D:3      | Found a basalt altar of Yredelemnul.
  4720 | D:4      | Noticed a phantom
  4743 | D:4      | Killed a phantom
  4744 | D:4      | Reached skill level 6 in Summonings
  4744 | D:4      | Reached XP level 6. HP: 17/36 MP: 7/12
  5203 | D:4      | Acquired 747 gold pieces
  5565 | D:4      | Noticed an orc warrior
  5580 | D:4      | Killed an orc warrior
  5591 | D:4      | Reached XP level 7. HP: 40/41 MP: 1/14
  5631 | D:4      | Reached skill level 5 in Spellcasting
  5649 | D:4      | Reached skill level 1 in Hexes
  5906 | D:5      | Entered Level 5 of the Dungeon
  5931 | D:5      | Found a staircase to the Ecumenical Temple.
  5949 | D:5      | Learned a level 4 spell: Summon Lightning Spire
  5955 | Temple   | Entered the Ecumenical Temple
  6168 | Temple   | Became a worshipper of Gozag Ym Sagoz the Greedy
  6195 | D:5      | Reached skill level 7 in Summonings
  6851 | D:5      | Reached XP level 8. HP: 46/46 MP: 11/16
  7096 | D:6      | Noticed a wyvern
  7105 | D:6      | Mangled by a wyvern

Illustrated notes

Levels and vault maps discovered:
D:1:      psy_arrival_radial01, layout_basic,
          shapermc_ecumenical_altar_flowoftime
D:2:      minmay_alternating_diamond, layout_loops_corners, basic_altar,
          minmay_circle_x
D:3:      minmay_spotlight, layout_rooms, old_standard_altar
D:4:      cheibrodos_barr_body, layout_basic
D:5:      layout_basic, minmay_temple_entry_slanted
D:6:      layout_rooms, grunt_dithmenos_smoke, zin_scriptorium, serial_shops,
          shop_fountains
Temple:   nicolae_temple_elliptical

Skill      XL: |  1  2  3  4  5  6  7 |
---------------+----------------------+-----
Stealth        | 3 |  3.0
Summonings     | 5 6 7 |  7.2
Spellcasting   | 3 4 5 |  5.9
Hexes          | 1 |  1.5
Dodging        | |  2.1

Action                   |  1- 3 |  4- 6 |  7- 9 || total
-------------------------+-------+-------+-------++-------
Melee: Unarmed           |    46 |    15 |       ||    61
       Constrict         |    13 |     5 |       ||    18
       Tentacles         |    12 |     6 |       ||    18
       Punch             |     1 |       |       ||     1
 Cast: Summon Small Mamm |    13 |       |       ||    13
       Call Imp          |    14 |     3 |     2 ||    19
       Call Canine Famil |       |    31 |    14 ||    45
       Summon Guardian G |       |     6 |     9 ||    15
  Use: Scroll            |     2 |     9 |     3 ||    14
       Potion            |       |       |     2 ||     2
 Stab: Sleeping          |     1 |     1 |       ||     2
Armor: Skin              |     3 |     4 |       ||     7
Dodge: Dodged            |    25 |    35 |     6 ||    66

Table legend: (Time is in decaauts)
 A = Elapsed time spent in this place.
 B = Non-inter-level travel time spent in this place.
 C = Inter-level travel time spent in this place.
 D = Time resting spent in this place.
 E = Time spent auto-exploring this place.
 F = Levels seen in this place.
 G = Mean time per level.
                   A        B        C        D        E       F      G
               +--------+--------+--------+--------+--------+-----+--------+
         Total |   7104 |   6859 |    245 |    651 |   4958 |   7 | 1014.9 |
       Dungeon |   6877 |   6657 |    220 |    651 |   4775 |   6 | 1146.2 |
        Temple |    227 |    202 |     25 |      0 |    183 |   1 |  227.0 |
               +--------+--------+--------+--------+--------+-----+--------+

Top non-repeatable levels by time:
     D:2: 2313 daAuts
     D:1: 1668 daAuts
     D:4: 1199 daAuts
     D:5: 952 daAuts
     D:3: 722 daAuts
  Temple: 227 daAuts
     D:6: 19 daAuts
